 Dungeon Crawl Stone Soup version 0.29.1-1-gd02db6906a (webtiles) character file.

Game seed: 5445880162238077012

19 Icepheonix32 the Caller (level 2, -2/19 HPs)
             Began as a Merfolk Summoner on Oct 6, 2022.
             Slain by a kobold
             ... wielding a +0 whip
              (4 damage)
             ... on level 1 of the Dungeon.
             The game lasted 00:01:30 (794 turns).

Icepheonix32 the Caller (Merfolk Summoner)           Turns: 794, Time: 00:01:30

Health: -2/19      AC:  2    Str:  8    XL:     2   Next: 75%
Magic:  4/5        EV: 12    Int: 14    God:
Gold:   36         SH:  0    Dex: 14    Spells: 4/5 levels left

rFire   . . .      SeeInvis .   f - +0 trident
rCold   . . .      Faith    .   (no shield)
rNeg    . . .      Spirit   .   a - +0 robe
rPois   .          Reflect  .   (no helmet)
rElec   .          Harm     .   (no cloak)
rCorr   .          Rampage  .   (no gloves)
Will    .....                   (no boots)
Stlth   ++........              (no amulet)
HPRegen 0.06/turn               (no ring)
MPRegen 0.09/turn               (no ring)

@: no status effects
A: (nimble swimmer 2), mertail
a: no special abilities


You were on level 1 of the Dungeon.
You visited 1 branch of the dungeon, and saw 1 of its levels.

You collected 36 gold pieces.

Inventory:

Hand Weapons
 d - a +0 dagger
 f - a +0 trident (weapon)
 h - a +1 short sword of venom
Armour
 a - a +0 robe (worn)
Scrolls
 c - a scroll of immolation {unknown}
 e - a scroll of teleportation {unknown}
 i - a scroll of blinking {unknown}
Potions
 b - a potion of magic
 g - a potion of curing {unknown}


   Skills:
 - Level 2.6 Dodging
 - Level 2.1 Stealth
 - Level 2.0 Spellcasting
 * Level 4.7 Summonings


You had 4 spell levels left.
You knew the following spells:

 Your Spells              Type           Power      Damage    Failure   Level
a - Summon Small Mammal   Summ           56%        N/A       3%          1

Your spell library contained the following spells:

 Spells                   Type           Power      Damage    Failure   Level
 Call Imp                 Summ           14%        N/A       4%          2
 Call Canine Familiar     Summ           14%        N/A       10%         3
 Summon Guardian Golem    Hex/Summ       8%         N/A       26%         3
 Summon Lightning Spire   Summ/Air       8%         N/A       65%         4


Dungeon Overview and Level Annotations

Branches:
Dungeon (1/15)

Altars:


Innate Abilities, Weirdness & Mutations

((You are very nimble when in or above water. (Stealth+, EV+, Speed+++)))
Your lower body shifts to a powerful aquatic tail in water.


Message History

The endoplasm is severely wounded.
The endoplasm freezes you.
You are frozen.
You hit the endoplasm.
You kill the endoplasm!
You reach to attack!
You barely miss the kobold. The ball python bites you.
The ball python closely misses you.
You hit the kobold.
The kobold is heavily wounded.
The kobold hits you but does no damage. The ball python closely misses you.
The ball python barely misses you. The kobold hits you with a +0 whip.
You closely miss the kobold.
The kobold is heavily wounded.
The ball python bites you. The ball python barely misses you.
The kobold hits you with a +0 whip. The ball python barely misses you. x2
You are too injured to fight recklessly!
You are too injured to fight recklessly!
You are too injured to fight recklessly!
You are too injured to fight recklessly!
You are too injured to fight recklessly!
You are too injured to fight recklessly!
You are too injured to fight recklessly!
You are too injured to fight recklessly!
You are too injured to fight recklessly!
You are too injured to fight recklessly!
You are too injured to fight recklessly!
You are too injured to fight recklessly!
You are too injured to fight recklessly!
You are too injured to fight recklessly!
Unknown command.
Casting: Summon Small Mammal (safe; 3% risk of failure)
Confirm with . or Enter, or press ? or * to list all spells.
The kobold hits you with a +0 whip.
* * * LOW HITPOINT WARNING * * *
The ball python bites you but does no damage.
The ball python grabs you. The ball python constricts you.
* * * LOW HITPOINT WARNING * * *
You escape the ball python's grasp.
The kobold attacks as you move away! The kobold hits you with a +0 whip.
You die...

#..#######..# #..###
#..# .....#####..###
..............#
####........#.##########
........>...#..........#
.###.#####..#....r.....#
...#+# #..#....K.....#
...# #..#...@S.....#
.#.# #.............#
≈..+ #.#............
.8.# .. ###.........#
§..+ # ########### .#.#
...# ... .


You could see a ball python, a kobold (ally target) and a friendly rat
(summoned).

Vanquished Creatures
  A ball python (D:1)
  2 bats (D:1)
  An endoplasm (D:1)
  A giant cockroach (D:1)
  A hobgoblin (D:1)
  4 goblins (D:1)
  A kobold (D:1)
  2 rats (D:1)
13 creatures vanquished.

Vanquished Creatures (collateral kills)
  A dart slug (D:1)
  A ball python (D:1)
2 creatures vanquished.

Grand Total: 15 creatures vanquished

Notes
Turn   | Place    | Note
-------+----------+-------------------------------------------
     0 | D:1      | Icepheonix32 the Merfolk Summoner began the quest for the
                  | Orb.
     0 | D:1      | Reached XP level 1. HP: 13/13 MP: 3/3
   268 | D:1      | Reached XP level 2. HP: 18/19 MP: 3/5
   794 | D:1      | Slain by a kobold

Illustrated notes

Levels and vault maps discovered:
D:1:      shiori_arrival_oz, layout_basic, minmay_misc_feat_five,
          minmay_bisected

Action                   || total
-------------------------++-------
Melee: Dagger            ||    33
       Unarmed           ||     2
       Trident           ||    15
 Cast: Summon Small Mamm ||    10
  Use: Scroll            ||     1
 Stab: Sleeping          ||     2
Armor: Robe              ||    18
Dodge: Dodged            ||    35
